 Dungeon Crawl Stone Soup version 0.18.1-50-g88ac8fd (webtiles) character file.

1955 magog001 the Blocker (level 8, -6/66 HPs)
             Began as a Minotaur Fighter on Aug 6, 2018.
             Was an Initiate of Nemelex Xobeh.
             Mangled by an orc warrior
             ... wielding a +0 trident
              (14 damage)
             ... on level 6 of the Dungeon on Aug 7, 2018.
             The game lasted 00:34:46 (5405 turns).

magog001 the Blocker (Minotaur Fighter)             Turns: 5405, Time: 00:34:47

Health: -6/66      AC: 10    Str: 22    XL:     8   Next: 99%
Magic:  8/8        EV:  8    Int: 11    God:    Nemelex Xobeh [......]
Gold:   401        SH: 13    Dex: 13    Spells: 0 memorised, 7 levels left

rFire  . . .     SeeInvis .     r - +1 hand axe (venom)
rCold  + . .     Gourm    .     q - +2 scale mail {rC+}
rNeg   . . .     Faith    .     c - +1 shield
rPois  .         Spirit   .     (helmet restricted)
rElec  .         Dismiss  .     (no cloak)
rCorr  .         Reflect  .     (no gloves)
SustAt .         Harm     .     (no boots)
MR     .....                    (no amulet)
Stlth  ..........               (no ring)
                                G - +4 ring of intelligence

@: slowed, very slow, not resistant to hostile enchantments, extremely
unstealthy
A: retaliatory headbutt, horns 2, thin skeletal structure 1, blurry vision 1,
clever 1, frail 1, high mp 1, MP-powered wands
a: Renounce Religion


You were on level 6 of the Dungeon.
You worshipped Nemelex Xobeh.
Nemelex Xobeh was noncommittal.
You were not hungry.

You visited 1 branch of the dungeon, and saw 6 of its levels.

You collected 401 gold pieces.

Inventory:

Hand Weapons
 n - a +0 hunting sling
 r - a +1 hand axe of venom (weapon)
 A - a +0 blowgun
Missiles
 s - 60 bolts
 v - 59 sling bullets
 D - 4 poisoned needles
Armour
 c - a +1 shield (worn)
 q - a +2 scale mail of cold resistance (worn)
Jewellery
 G - a +4 ring of intelligence (left hand)
Wands
 e - a wand of polymorph (4/24)
 u - a wand of random effects (14/48)
 z - a wand of polymorph (6/24)
Scrolls
 h - 2 scrolls of fog
 k - 4 scrolls of identify
 o - a scroll of noise
 x - a scroll of amnesia
 y - 2 scrolls of fear
 B - a scroll of recharging {unknown}
 E - a scroll of enchant armour
Potions
 a - a potion of berserk rage {unknown}
 i - a potion of invisibility {unknown}
 j - a potion of agility
 l - a potion of lignification {unknown}
 p - a potion of haste {unknown}
 t - 2 potions of curing
 w - a potion of flight {unknown}
 C - 2 potions of might
Books
 g - a book of Callings

   Spells                             Type                      Level
   a - Summon Small Mammal            Summoning                    1
   b - Call Imp                       Summoning                    2
   c - Call Canine Familiar           Summoning                    3
   d - Summon Guardian Golem          Hexes/Summoning              3
   e - Summon Lightning Spire         Summoning/Air                4
   f - Summon Ice Beast               Ice/Summoning                4
Miscellaneous
 b - a plain deck of defence
Comestibles
 d - 3 chunks of flesh
 f - 5 bread rations
 m - 2 meat rations
 F - a beef jerky


   Skills:
 * Level 8.2 Fighting
 * Level 2.6 Axes
 * Level 8.6 Armour
 + Level 0.1 Stealth
 * Level 9.5 Shields
 + Level 1.0 Evocations


You had 7 spell levels left.
You didn't know any spells.

Dungeon Overview and Level Annotations

Branches:
Dungeon (6/15)
 Temple: D:4-7

Altars:
Dithmenos
Elyvilon
Gozag
Makhleb
Nemelex Xobeh
Pakellas
Ru
Trog
Vehumet
Xom


Innate Abilities, Weirdness & Mutations

You reflexively headbutt those who attack you in melee.
You have a pair of horns on your head.
You have a somewhat thin skeletal structure (Dex +2, Stealth).
Scrolls take you a little longer to read.
Your mind is acute. (Int +2)
You are frail (-10% HP).
You have an increased reservoir of magic (+10% MP).
You expend magic power (3 MP) to strengthen your wands.


Message History

The orc wizard casts a spell.
The orc wizard blinks!
The orc warrior hits you with a trident.
* * * LOW HITPOINT WARNING * * *
Drink which item? (? for menu, Esc to quit)
You feel better. You block the orc wizard's attack.
You block the orc warrior's attack.
The orc warrior hits you with a trident!
* * * LOW HITPOINT WARNING * * *
The orc wizard casts a spell at you. The magic dart hits you!
* * * LOW HITPOINT WARNING * * *
You block the orc wizard's attack.
The orc warrior hits you with a trident.
* * * LOW HITPOINT WARNING * * *
Things that are here:
a dagger; a robe The orc warrior hits you from afar with a trident!
You die...
Your body disappears without a glow.

.# .... ....####.#.... ..
#..####.......#.... #.
#.............#....
###..#...# #.......#....
.....#...###......##....
#####....................
#...###..o...............
#.......o..#####........#
#.......@..### #.....####
###.....#....# #.##......
#.....#....# #.........
####.....#....# #.........
#........#....# #.........
#...)....#....# #.........
##..<..........###.........
#..........................
#....###...#.######.###...#


You could see an orc warrior and an orc wizard.

Vanquished Creatures
  Eustachio (D:6)
  Duvessa (D:6)
  An orc warrior (D:6)
  A sky beast (D:5)
  2 ogres (D:4)
  3 eyes of draining (D:4)
  2 centaurs
  2 scorpions
  Dowan (D:6)
  A howler monkey (D:4)
  A crimson imp (D:5)
  3 hounds
  2 orc priests
  5 orc wizards
  Jessica (D:3)
  2 iguanas
  Natasha (thrice) (D:2)
  A hound skeleton (D:6)
  4 gnolls (D:5)
  7 adders
  3 river rats (D:3)
  An adder zombie (D:3)
  A worm (D:2)
  2 dart slugs
  7 giant geckos
  10 orcs
  A ball python (D:1)
  11 giant cockroaches
  10 goblins
  9 hobgoblins
  5 jackals
  9 kobolds
  7 quokkas
  5 bats (D:1)
  3 giant newts (D:2)
  3 rats (D:3)
131 creatures vanquished.

Vanquished Creatures (others)
  An orc wizard (D:5)
1 creature vanquished.

Grand Total: 132 creatures vanquished

Notes
Turn   | Place    | Note
--------------------------------------------------------------
     0 | D:1      | magog001 the Minotaur Fighter began the quest for the Orb.
     0 | D:1      | Reached XP level 1. HP: 19/19 MP: 0/0
   345 | D:1      | Reached XP level 2. HP: 27/27 MP: 1/1
   432 | D:1      | Reached skill level 4 in Shields
   597 | D:1      | Reached XP level 3. HP: 34/34 MP: 2/2
   849 | D:2      | Found a white marble altar of Elyvilon.
  1006 | D:2      | Noticed Natasha
  1010 | D:2      | Killed Natasha
  1010 | D:2      | Reached XP level 4. HP: 36/41 MP: 3/3
  1196 | D:2      | Noticed Natasha
  1210 | D:2      | Killed Natasha
  1307 | D:2      | Gained mutation: You are frail (-10% HP). [potion of mutation]
  1307 | D:2      | Gained mutation: Your mind is acute. (Int +2) [potion of mutation]
  1307 | D:2      | Gained mutation: Scrolls take you a little longer to read. [potion of mutation]
  1308 | D:2      | Gained mutation: You have an increased reservoir of magic (+10% MP). [potion of mutation]
  1308 | D:2      | Gained mutation: You are very frail (-20% HP). [potion of mutation]
  1308 | D:2      | Lost mutation: You are very frail (-20% HP). [potion of mutation]
  1407 | D:2      | Noticed Natasha
  1417 | D:2      | Killed Natasha
  1417 | D:2      | Reached skill level 5 in Armour
  1521 | D:2      | Reached XP level 5. HP: 42/42 MP: 4/4
  1628 | D:2      | Found an opulent altar of Gozag.
  1715 | D:2      | Reached skill level 5 in Shields
  1743 | D:2      | Found a burning altar of Makhleb.
  1753 | D:2      | Reached skill level 5 in Fighting
  2336 | D:3      | Noticed Jessica
  2341 | D:3      | Killed Jessica
  2341 | D:3      | Reached XP level 6. HP: 50/50 MP: 5/5
  2453 | D:3      | Found a glowing drain.
  2853 | D:4      | Reached skill level 6 in Shields
  2870 | D:4      | Found a shimmering altar of Xom.
  3257 | D:4      | Found a bloodstained altar of Trog.
  3264 | D:4      | Reached XP level 7. HP: 55/55 MP: 0/6
  3271 | D:4      | Reached skill level 7 in Shields
  3642 | D:5      | Entered Level 5 of the Dungeon
  3656 | D:5      | Found an oddly glowing altar of Pakellas.
  3881 | D:5      | Reached XP level 8. HP: 48/63 MP: 8/8
  4049 | D:5      | Lost mutation: You have an increased reservoir of magic (+10% MP). [mutagenic meat]
  4050 | D:5      | Gained mutation: You expend magic power (3 MP) to strengthen your wands. [mutagenic meat]
  4051 | D:5      | Gained mutation: You have a somewhat thin skeletal structure (Dex +2, Stealth). [mutagenic meat]
  4052 | D:5      | Gained mutation: You have an increased reservoir of magic (+10% MP). [mutagenic meat]
  4083 | D:5      | Found a sacrificial altar of Ru.
  4138 | D:5      | Reached skill level 8 in Shields
  4519 | D:5      | Found a shadowy altar of Dithmenos.
  4966 | D:6      | Noticed Sigmund
  4974 | D:6      | Noticed Sigmund
  4974 | D:6      | Sigmund changed into Sigmund the adder
  4976 | D:6      | Killed Sigmund the adder
  5106 | D:6      | Found a radiant altar of Vehumet.
  5110 | D:6      | Noticed Duvessa
  5110 | D:6      | Noticed Dowan
  5111 | D:6      | Found a sparkling altar of Nemelex Xobeh.
  5115 | D:6      | Reached skill level 9 in Shields
  5116 | D:6      | Killed Dowan
  5116 | D:6      | Reached skill level 1 in Evocations
  5124 | D:6      | Killed Duvessa
  5149 | D:6      | Became a worshipper of Nemelex Xobeh the Trickster
  5183 | D:6      | Noticed Eustachio
  5201 | D:6      | Killed Eustachio
  5405 | D:6      | Mangled by an orc warrior

Skill      XL: |  1  2  3  4  5  6  7  8 |
---------------+-------------------------+-----
Fighting       | 4 5 6 8 |  8.2
Armour         | 4 5 6 7 8 |  8.6
Shields        | 4 5 6 7 9 |  9.5
Evocations     | 1 |  1.0
Axes           | |  2.6
Stealth        | |  0.1

Action                   |  1- 3 |  4- 6 |  7- 9 || total
-------------------------+-------+-------+-------++-------
Melee: War axe           |    90 |   156 |   108 ||   354
       Headbutt          |    14 |    27 |    34 ||    75
       Hand axe          |       |       |    25 ||    25
Evoke: Wand              |       |     2 |     1 ||     3
  Use: Scroll            |       |     9 |     4 ||    13
       Potion            |       |     7 |     5 ||    12
  Eat: Chunk             |       |     6 |    12 ||    18
       Beef jerky        |       |     1 |       ||     1
Armor: Scale mail        |    58 |    55 |    54 ||   167
       Skin              |       |     5 |       ||     5
Dodge: Dodged            |    42 |    45 |    33 ||   120
Block: Shield            |    57 |    80 |    97 ||   234
